cohdb
Replays
Latest Replays
All Replays
Popular Replays
Top Player Replays
Match Explorer
How It Works
Community
CoH3 Stats
Reddit
Sign in to upload your games and track your stats! →
Sign in with Steam
Match 46588403
Unlisted
Match 46588403
Overview
Messages
Build Orders
End
Royal Engineer Section
Construct Section Command Post
Infantry Section
Infantry Section
Dingo Light Scout Car
Construct Platoon Command Post
Humber Armored Car
Selects Canadian Shock Battlegroup
Selects Attacking Spirit
Selects Canadian Shock Section
Canadian Shock Section
Construct Field Infirmary
Humber Armored Car
Selects Incendiary Munitions
Vickers Machine Gun Team
Selects Pyrotechnics
Construct Company Command Post
Grenade Package
Foot Guards Section
Unlock M3 Grant Medium Tanks
M3 Grant Medium Tank
rocketpossum
coldvortex
0
0
Comments
sign in to comment!
No comments posted yet!